 Dungeon Crawl Stone Soup version 0.20-a0-629-gc37eb77 (webtiles) character file.

48 krabocopter the Skirmisher (level 3, -1/20 HPs)
             Began as a Vine Stalker Fighter on Feb 10, 2017.
             Slain by an adder (2 damage)
             ... on level 2 of the Dungeon.
             The game lasted 00:05:21 (1036 turns).

krabocopter the Skirmisher (Vine Stalker Fighter)   Turns: 1036, Time: 00:05:22

Health: -1/20      AC:  6    Str: 18    XL:     3   Next: 72%
Magic:  0/4        EV:  7    Int:  8    God:
Gold:   67         SH:  9    Dex: 14    Spells: 2/2 levels left

rFire    + . .     SeeInvis .   a - +0 long sword
rCold    + . .     Gourm    .   b - +0 scale mail
rNeg     . . .     Faith    .   c - +0 shield
rPois    +         Spirit   +   (no helmet)
rElec    +         Reflect  .   (no cloak)
rCorr    +         Harm     .   (no gloves)
MR       .....                  (no boots)
Stlth    ..........             (no amulet)
Regen    0.1/turn               (no ring)
                                (no ring)

@: resistant
A: fangs 2, magic shield, antimagic bite, no potion heal 3, rot immunity
a: no special abilities


You were on level 2 of the Dungeon.
You were hungry.

You visited 1 branch of the dungeon, and saw 2 of its levels.

You collected 67 gold pieces.

Inventory:

Hand Weapons
 a - a +0 long sword (weapon)
Missiles
 e - 3 javelins (quivered)
Armour
 b - a +0 scale mail (worn)
 c - a +0 shield (worn)
Scrolls
 i - 2 scrolls of teleportation {unknown}
 l - 2 scrolls of magic mapping {unknown}
Potions
 m - a potion of mutation {unknown}
Comestibles
 f - 3 bread rations
 g - 3 chunks of flesh


   Skills:
 + Level 3.3 Fighting
 * Level 3.0 Long Blades
 - Level 2.4 Armour
 - Level 2.6 Shields


You had 2 spell levels left.
You didn't know any spells.

Dungeon Overview and Level Annotations

Branches:
Dungeon (2/15)

Altars:


Innate Abilities, Weirdness & Mutations

You have extremely sharp teeth.
When hurt, damage is shared between your health and your magic reserves.
Your bite disrupts and absorbs the magic of your enemies.
Potions cannot restore your health.
You are immune to rotting.


Message History

* * * LOW HITPOINT WARNING * * *
You feel sick.
Your shield prevents you from hitting the adder.
You bite the adder. You drain its power.
You feel invigorated.
The adder is heavily wounded.
* * * LOW HITPOINT WARNING * * *
You feel sick. You block the adder's attack. The adder bites you.
* * * LOW HITPOINT WARNING * * *
You closely miss the adder. You bite the adder, but do no damage.
The adder is heavily wounded.
* * * LOW HITPOINT WARNING * * *
You feel sick. You block the adder's attack. x2
It was a potion of curing.
Your system rejects the healing.
You feel better. You block the adder's attack.
It was a potion of cancellation.
You feel magically purged. You block the adder's attack.
It was a potion of resistance.
You feel protected. The adder bites you.
You die...

.....).##.... .......#
#... ...<...# ###
..###.## ..?....
......# #.........#
#.....# ####.......#.#
......## ..#.........#
.......# # #.#.........
#......# #.#
#@#.>.....# ...
#......#
#...#S#.......# #....
###.#..## #..ww###...#
#..... ##.##..##
###......# ..#..
#..##...## #.#..###
###..... #.####...##
#....#####...# #.#
##...#######...#......#
##.#
##......###.....##.###
#..#
#.###......######.#


You could see a worm, an adder and a dart slug.

Vanquished Creatures
  2 adders (D:2)
  A leopard gecko (D:1)
  4 bats
  A giant cockroach (D:1)
  5 goblins
  4 hobgoblins (D:1)
  4 jackals (D:1)
  A ball python (D:1)
  2 frilled lizards (D:1)
  A kobold (D:1)
  A rat (D:1)
26 creatures vanquished.

Notes
Turn   | Place    | Note
-------+----------+-------------------------------------------
     0 | D:1      | krabocopter the Vine Stalker Fighter began the quest for the Orb.
     0 | D:1      | Reached XP level 1. HP: 11/11 MP: 2/2
   124 | D:1      | Reached XP level 2. HP: 12/16 MP: 3/3
   734 | D:2      | Found a faded altar of an unknown god.
   744 | D:2      | Reached XP level 3. HP: 19/20 MP: 4/4
  1033 | D:2      | HP: 1/20 [poisoned by an adder]
  1036 | D:2      | Slain by an adder

Vault maps used:
D:1:      matt_arrival_grand_opening, st_stairs_3
D:2:      chequers_ecumenical_altar_simple

Skill      XL: |  1  2  3 |
---------------+----------+-----
Long Blades    | 2 3 |  3.0
Fighting       | 3 |  3.3
Armour         | |  2.4
Shields        | |  2.6

Action                   || total
-------------------------++-------
Melee: Long sword        ||    92
       Bite              ||    27
  Use: Potion            ||     4
Armor: Scale mail        ||    37
Dodge: Dodged            ||    30
Block: Shield            ||    63
       Rpst.: Long sword ||     8
